 Dungeon Crawl Stone Soup version 0.19.1-1-g22dce08 (webtiles) character file.

109 Gorglomux the Cudgeler (level 4, -1/42 HPs)
             Began as a Gargoyle Gladiator on Jan 2, 2017.
             Slain by a hobgoblin
             ... wielding a +0 club
             ... led by Robin
              (3 damage)
             ... on level 3 of the Dungeon.
             The game lasted 00:05:12 (2142 turns).

Gorglomux the Cudgeler (Gargoyle Gladiator)         Turns: 2142, Time: 00:05:13

Health: -1/42      AC: 22    Str: 20    XL:     4   Next: 89%
Magic:  4/4        EV:  2    Int:  8    God:
Gold:   156        SH:  0    Dex: 10    Spells: 0 memorised, 3 levels left

rFire  . . .     SeeInvis .     a - +0 flail
rCold  . . .     Gourm    .     (armour currently unavailable)
rNeg   + + +     Faith    .     (no shield)
rPois  ∞         Spirit   .     (helmet currently unavailable)
rElec  .         Reflect  .     (cloak currently unavailable)
rCorr  .         Harm     .     (gloves currently unavailable)
MR     .....     NoTele   +     (boots currently unavailable)
Stlth  +.........               (no amulet)
                                (no ring)
                                (no ring)

@: tree-form
A: negative energy resistance 1, (electricity resistance), (unbreathing),
petrification resistance, rot immunity, AC +3
a: no special abilities


You were on level 3 of the Dungeon.
You were not hungry.
You were a tree.
You visited 1 branch of the dungeon, and saw 3 of its levels.

You collected 156 gold pieces.

Inventory:

Hand Weapons
 a - a +0 flail (weapon)
Missiles
 d - 3 throwing nets
 g - 2 tomahawks of returning (quivered)
Armour
 b - a +0 leather armour (melded)
 c - a +0 helmet (melded)
Scrolls
 e - a scroll of recharging {unknown}
 j - a scroll of amnesia {unknown}
 l - a scroll of noise {unknown}
 n - 2 scrolls of remove curse {unknown}
 q - a scroll of identify {unknown}
 s - a scroll of immolation {unknown}
Potions
 i - a potion of flight
 p - a potion of experience {unknown}
 r - a potion of haste {unknown}
 t - a potion of agility {unknown}
 u - a potion of might {unknown}
 v - a potion of berserk rage {unknown}
Comestibles
 f - 4 bread rations
 h - a slice of pizza


   Skills:
 + Level 3.6 Fighting
 * Level 4.6 Maces & Flails
 - Level 1.7 Throwing
 - Level 2.4 Dodging


You had 3 spell levels left.
You didn't know any spells.

Dungeon Overview and Level Annotations

Branches:
Dungeon (3/15)

Altars:
Dithmenos

Annotations:
D:3 Robin


Innate Abilities, Weirdness & Mutations

You are resistant to torment.
((Your stone body is resilient. (AC +3)))
You are immune to poison.
You resist negative energy. (rN+)
((You are resistant to electric shocks. (rElec)))
((You can survive without breathing.))
You are immune to petrification.
You are immune to rotting.


Message History

You feel better. The hobgoblin hits you with a club.
* * * LOW HITPOINT WARNING * * *
Robin hits you with a whip.
* * * LOW HITPOINT WARNING * * *
You aren't carrying any items that you can evoke.
It was a potion of lignification.
You turn into a tree.
Your +0 helmet melds into your body.
Your +0 leather armour melds into your body.
Your roots penetrate the ground.
The hobgoblin hits you but does no damage.
Robin roars a battlecry!
The hobgoblin goes into a battle-frenzy!
You barely miss Robin.
Robin is severely wounded.
Robin hits you but does no damage. The hobgoblin hits you with a club.
* * * LOW HITPOINT WARNING * * *
You hit Robin.
Robin is almost dead.
Robin barely misses you. The hobgoblin hits you with a club.
You die...

#####.# #.# #.#
##.############
#.....g..gg..g#
#......g#####g#
#.......### #g#
#.........###g#
#...........g♣#
#)...<..#.#####
...........#.#
.##....#####.#
#.##.## #.# #.#
#.# #.# .# #.#
#.# # #+# ...


You could see Robin, a hobgoblin and 3 goblins.

Vanquished Creatures
  3 adders
  4 oozes
  4 worms
  A leopard gecko (D:2)
  5 giant cockroaches
  10 goblins
  7 hobgoblins
  5 bats
  6 frilled lizards
  3 kobolds
  5 rats
53 creatures vanquished.

Notes
Turn   | Place    | Note
-------+----------+-------------------------------------------
     0 | D:1      | Gorglomux the Gargoyle Gladiator began the quest for the Orb.
     0 | D:1      | Reached XP level 1. HP: 12/12 MP: 1/1
   170 | D:1      | Reached XP level 2. HP: 18/18 MP: 2/2
   781 | D:1      | Reached XP level 3. HP: 8/22 MP: 3/3
  1324 | D:2      | Reached skill level 4 in Maces & Flails
  1512 | D:2      | Reached XP level 4. HP: 24/28 MP: 4/4
  1521 | D:2      | Found a shadowy altar of Dithmenos.
  2101 | D:3      | Noticed Robin
  2138 | D:3      | HP: 1/28 [Robin/whip (2)]
  2142 | D:3      | Slain by a hobgoblin

Skill      XL: |  1  2  3 |
---------------+----------+-----
Fighting       | 3 |  3.6
Maces & Flails | 4 |  4.6
Throwing       | |  1.7
Dodging        | |  2.4

Action                   |  1- 3 |  4- 6 || total
-------------------------+-------+-------++-------
Melee: Flail             |   128 |    55 ||   183
Throw: Tomahawk          |     6 |       ||     6
  Use: Potion            |       |     4 ||     4
  Eat: Chunk             |     2 |     2 ||     4
Armor: Leather armour    |    54 |    40 ||    94
       Skin              |       |     1 ||     1
Dodge: Dodged            |   102 |    82 ||   184
